 Dungeon Crawl Stone Soup version 0.27.1-4-g1640c2035a (webtiles) character file.

Game seed: 4144949610622510646

11790 Enott the Basher (level 11, -20/82 HPs)
             Began as a Palentonga Fighter on Nov 17, 2021.
             Was a Plaything of Xom.
             Demolished by an orc warrior (26 damage)
             ... led by an orc warlord
             ... on level 1 of the Orcish Mines.
             The game lasted 01:11:35 (15383 turns).

Enott the Basher (Palentonga Fighter)              Turns: 15383, Time: 01:11:37

Health: -20/82     AC: 20    Str: 29    XL:     11   Next: 53%
Magic:  11/11      EV:  8    Int: 10    God:    Xom [..*...]
Gold:   2001       SH:  0    Dex:  8    Spells: 4/10 levels left

rFire    . . .     SeeInvis +   m - +4 flail (drain)
rCold    + . .     Faith    .   c - +3 kite shield
rNeg     + . .     Spirit   .   F - +2 scale mail {rC+}
rPois    .         Reflect  +   (no helmet)
rElec    .         Harm     .   L - +0 cloak
rCorr    .         Rampage  .   (no gloves)
Will     .....                  (no barding)
Stlth    ..........             G - amulet of reflection
HPRegen  0.23/turn              j - ring of positive energy
MPRegen  0.12/turn              w - +6 ring of strength

@: confused, mighty, lethally poisoned (-20 -> -30), studying Shields, curled up
A: large, rugged brown scales 3, see invisible, deformed body, roll 1, armoured
tail, reflexive curl, stinger 1, talons 1, iridescent scales 1, clever 1, clumsy
1, frail 1, screaming 1, evolution 1, MP-powered wands
a: Rolling Charge, Renounce Religion


You were on level 1 of the Orcish Mines.
You worshipped Xom.
You were a toy of Xom.
You visited 3 branches of the dungeon, and saw 13 of its levels.
You also visited: Sewer.

You collected 2001 gold pieces.

Inventory:

Hand Weapons
 b - a +2 flail of holy wrath
 k - a +0 vampiric dagger
 m - a +4 flail of draining (weapon)
 n - a +3 antimagic hand axe
 o - a +0 hand axe of flaming
 q - a +4 trident
 r - a +4 short sword of draining
 t - a +2 dagger of holy wrath
 v - a +4 halberd of pain
 C - the +5 trident of Defiance {flame, Int+3 Stlth+}
   (You found it on level 7 of the Dungeon)

   It burns those it strikes, dealing additional fire damage.
   Int:       It affects your intelligence (+3).
   Stlth:     It makes you more stealthy.
 J - a +1 whip of distortion
Missiles
 d - 7 throwing nets
 e - 5 atropa-tipped darts
 i - 178 arrows
 p - 71 poisoned darts
 u - 9 curare-tipped darts
Armour
 c - a +3 kite shield (worn)
 F - a +2 scale mail of cold resistance (worn)
 K - a +1 chain mail of cold resistance
 L - a +0 cloak (worn)
Jewellery
 j - a ring of positive energy (left hand)
 w - a +6 ring of strength (right hand)
 D - a ring of fire
 G - an amulet of reflection (around neck)
Wands
 s - a wand of polymorph (22)
 x - a wand of acid (8)
 y - a wand of iceblast (14)
 M - a wand of flame (15)
 N - a wand of digging (4)
 O - a wand of mindburst (5)
Scrolls
 a - 4 scrolls of teleportation
 f - 4 scrolls of identify
 z - 2 scrolls of amnesia
 A - a scroll of fear
 H - a scroll of magic mapping
Potions
 h - a potion of attraction
 l - 3 potions of flight
 B - a potion of magic


   Skills:
 + Level 7.7 Fighting
 + Level 11.5 Maces & Flails
 + Level 1.3 Throwing
 + Level 6.7 Armour
 + Level 2.6 Dodging
 - Level 1.0 Stealth
 + Level 10.9 Shields


You had 4 spell levels left.
You knew the following spells:

 Your Spells              Type           Power      Damage    Failure   Level
a - Shock                 Conj/Air       0%         1d3       58%         1
b - Irradiate             Conj/Tmut      0%         3d13      100%        5

Your spell library contained the following spells:

 Spells                   Type           Power      Damage    Failure   Level
 Sublimation of Blood     Necr           0%         N/A       75%         2
 Wereblood                Tmut           0%         N/A       75%         2
 Summon Hydra             Summ           0%         N/A       100%        7


Dungeon Overview and Level Annotations

Branches:
Dungeon (10/15)            Temple (1/1) D:4            Lair (0/6) D:9
    Orc (2/2) D:10            Elf (0/3) Orc:2         Sewer (visited)

Altars:
Ashenzari
Cheibriados
Dithmenos
Elyvilon
Fedhas
Gozag
Hepliaklqana
Kikubaaqudgha
Makhleb
Nemelex Xobeh
Okawaru
Qazlal
Ru
Sif Muna
Trog
Uskayaw
Vehumet
Wu Jian
Xom
Yredelemnul
Zin
The Shining One

Shops:
Orc:2 !?


Innate Abilities, Weirdness & Mutations

You are completely covered in rugged brown scales. (AC +3, +7% HP)
You have supernaturally acute eyesight. (SInv)
Armour fits poorly on your strangely shaped body.
You can roll at nearby foes to attack.
You have a long armoured tail.
You curl defensively after being hit.
Your tail ends in a poisonous barb.
You have sharp toenails.
You are partially covered in iridescent scales. (AC +2)
Your mind is acute. (Int +2)
You are clumsy. (Dex -2)
You are frail. (-10% HP)
You occasionally shout uncontrollably at your foes.
You evolve.
You expend magic power (3 MP) to strengthen your wands.


Message History

An orc priest comes into view.
It is wielding a +0 whip and wearing a +2 leather armour of willpower.
You sock the orc warrior! You drain the orc warrior.
Your kick misses the orc warrior.
You tail-slap the orc warrior, but do no damage.
The orc warrior is almost dead.
You block the orc warrior's attack.
You sock the orc warrior!
You kill the orc warrior!
The orc warlord roars a battlecry!
The orcs go into a battle-frenzy!
The orc warrior hits you with a +0 mace!!
You block the orc warrior's attack.
Things that are here:
a +0 battleaxe; a +0 plate armour; an orc corpse You barely miss the orc warrior.
You block the orc warrior's attack.
An orc comes into view. It is wielding a +0 dagger.
You block the orc wizard's attack.
You barely miss the orc wizard. Your kick misses the orc wizard.
You block the orc warrior's attack. x2
The orc wizard casts a spell at you.
You are confused.
The orc priest calls down the wrath of Beogh upon you.
Beogh smites you!
The orc warlord hits you from afar with a +4 glaive of venom!
The orc wizard barely misses you.
The orc warrior hits you from afar with a +0 glaive!!
* * * LOW HITPOINT WARNING * * *
The orc warrior hits you but does no damage.
The orc warlord hits you from afar with a +4 glaive of venom.
* * * LOW HITPOINT WARNING * * *
You are lethally poisoned!
Okay, then.
You feel very mighty all of a sudden.
* * * LOW HITPOINT WARNING * * *
You feel very sick.
The orc wizard mumbles some strange words.
The orc wizard flickers and vanishes for a moment.
The orc warrior hits you from afar with a +0 glaive!!
You die...
Xom thinks this is hilarious!

.. ...........##### ..
#.#.#......# .#
###.##.......##
...#...)#).#.....####
.......).).###...##.##
.......)).## ##......#
.........#######.##.##
...........#.########
....##.#..@oo.# ....
##..o.#)## ...
##..oo)# ..
.......o....#
.........o...#
................#
...............o.
................#
............##o


You could see an orc warlord, 2 orc warriors, an orc priest (strong), an orc
wizard (strong, invisible) and 2 orcs.

Vanquished Creatures
  Harold (D:7)
  2 two-headed ogres (D:10)
  Erica (D:8)
  Pikel (D:3)
  A cyclops (Orc:1)
  Maurice (D:9)
  An unseen horror (D:10)
  2 trolls
  8 yaks
  2 steam dragons
  3 wargs (Orc:1)
  An acid dragon (D:9)
  A water moccasin (D:6)
  An ice beast (shapeshifter) (Orc:2)
  A black bear (D:4)
  10 orc warriors
  A sky beast (D:7)
  A hornet zombie (D:6)
  A tengu (D:7)
  5 centaurs
  4 ogres
  4 kobold brigands
  A scorpion (D:3)
  3 bullfrogs
  A water moccasin zombie (D:5)
  2 water moccasin skeletons
  7 wights
  3 killer bees (D:6)
  4 howler monkeys
  3 bullfrog zombies (D:5)
  4 centaur zombies
  6 hounds
  14 orc priests
  2 jellies (D:5)
  A bullfrog skeleton (D:5)
  2 iguanas
  A merfolk siren (Sewer)
  8 orc wizards
  A merfolk avatar (Sewer)
  2 killer bee zombies (D:5)
  A hound skeleton (D:4)
  24 gnolls
  3 howler monkey skeletons
  12 adders
  6 river rats
  2 shadow imps
  A white imp (D:5)
  An adder skeleton (D:5)
  2 adder zombies (D:5)
  6 worms
  3 dart slugs (D:2)
  87 orcs
  9 ball pythons
  2 bats
  4 endoplasms
  4 giant cockroaches
  11 goblins
  9 hobgoblins
  16 jackals
  5 quokkas
  8 frilled lizards
  25 kobolds
  27 rats
  A bush (D:9)
387 creatures vanquished.

Vanquished Creatures (collateral kills)
  2 orc warriors
  An orc priest (Orc:2)
  An orc wizard (Orc:1)
  3 orcs
7 creatures vanquished.

Vanquished Creatures (others)
  An orc wizard (Orc:2)
  2 orcs (Orc:2)
  A kobold (D:9)
  3 fungi (D:3)
  4 plants (D:3)
11 creatures vanquished.

Grand Total: 405 creatures vanquished

Notes
Turn   | Place    | Note
-------+----------+-------------------------------------------
     0 | D:1      | Enott the Palentonga Fighter began the quest for the Orb.
     0 | D:1      | Reached XP level 1. HP: 19/19 MP: 1/1
   558 | D:1      | Found a faded altar of an unknown god.
   560 | D:1      | Reached XP level 2. HP: 25/25 MP: 2/2
   569 | D:1      | Became a worshipper of Vehumet
   569 | D:1      | Reached * piety under Vehumet
   569 | D:1      | Offered knowledge of Shock by Vehumet.
   592 | D:1      | Learned a level 1 spell: Shock
  1268 | D:2      | Reached XP level 3. HP: 29/31 MP: 3/3
  1616 | D:3      | Reached skill level 3 in Maces & Flails
  1622 | D:3      | Reached ** piety under Vehumet
  1629 | D:3      | Offered knowledge of Sandblast by Vehumet.
  1639 | D:3      | Noticed a scorpion
  1655 | D:3      | Killed a scorpion
  1656 | D:3      | Reached XP level 4. HP: 37/37 MP: 4/4
  1753 | D:3      | Reached XP level 5. HP: 25/43 MP: 5/5
  1787 | D:3      | Reached skill level 1 in Dodging
  1791 | D:3      | Reached skill level 4 in Maces & Flails
  2073 | D:3      | Reached XP level 6. HP: 19/51 MP: 6/6
  2095 | D:3      | Found a snail-covered altar of Cheibriados.
  2576 | D:3      | Offered knowledge of Stone Arrow by Vehumet.
  2745 | D:3      | Reached *** piety under Vehumet
  3004 | D:3      | Reached skill level 5 in Maces & Flails
  3004 | D:3      | Gained mutation: You curl defensively after being hit.
                  | [Palentonga growth]
  3004 | D:3      | Reached XP level 7. HP: 56/57 MP: 7/7
  3664 | D:4      | Noticed Pikel
  3688 | D:3      | Killed Pikel
  3689 | D:3      | Reached skill level 6 in Maces & Flails
  3689 | D:3      | Reached skill level 1 in Throwing
  3689 | D:3      | Reached XP level 8. HP: 38/65 MP: 8/8
  3899 | D:4      | Offered knowledge of Conjure Flame by Vehumet.
  3938 | D:4      | Found a glowing drain.
  3946 | Sewer    | Entered a sewer
  4221 | Sewer    | Reached **** piety under Vehumet
  4328 | Sewer    | Offered knowledge of Irradiate by Vehumet.
  4341 | Sewer    | Learned a level 5 spell: Irradiate
  4553 | Sewer    | Identified a scroll of acquirement
  4553 | Sewer    | Acquired a manual of Shields
  4977 | D:4      | Reached skill level 5 in Fighting
  5236 | D:4      | Reached skill level 7 in Maces & Flails
  5286 | D:4      | Reached skill level 5 in Shields
  5486 | D:4      | Found a staircase to the Ecumenical Temple.
  5495 | Temple   | Entered the Ecumenical Temple
  5740 | Temple   | Fell from the grace of Vehumet
  5740 | Temple   | Became a worshipper of Xom of Malicious Giggling
  5812 | D:5      | Entered Level 5 of the Dungeon
  5903 | D:5      | XOM: noise
  5909 | D:5      | XOM: cloud trail
  6129 | D:5      | XOM: silly message
  6219 | D:5      | Reached XP level 9. HP: 65/72 MP: 9/9
  6415 | D:5      | Found a shadowy altar of Dithmenos.
  6619 | D:5      | Reached skill level 5 in Armour
  7240 | D:6      | XOM: give mutations
  7240 | D:6      | Gained mutation: You are clumsy. (Dex -2) [Xom's mischief]
  7240 | D:6      | Gained mutation: You are frail. (-10% HP) [Xom's mischief]
  7275 | D:6      | You fall into a shaft and drop 2 floors!
  7336 | D:8      | XOM: god gift: 648 gold pieces
  7650 | D:7      | Identified the +5 trident of Defiance {flame, Int+3 Stlth+}
  7687 | D:6      | XOM: divination: detect creatures
  7699 | D:6      | Reached skill level 8 in Maces & Flails
  8063 | D:6      | XOM: 6-stop teleportation journey
  8096 | D:6      | Found a shimmering blue altar of Sif Muna.
  8246 | D:7      | XOM: polymorph bullfrog -> tengu
  8325 | D:7      | XOM: 2-stop teleportation journey
  8982 | D:7      | XOM: god gift: 30 gold pieces
  9221 | D:7      | Found a radiant altar of Vehumet.
  9234 | D:7      | Noticed Harold
  9253 | D:7      | Killed Harold
  9254 | D:7      | Reached skill level 9 in Maces & Flails
  9254 | D:7      | Reached XP level 10. HP: 29/73 MP: 10/10
 10087 | D:6      | XOM: give mutations
 10087 | D:6      | Gained mutation: You are dopey. (Int -2) [Xom's mischief]
 10087 | D:6      | Gained mutation: You are very clumsy. (Dex -4) [Xom's
                  | mischief]
 10087 | D:6      | Gained mutation: You occasionally shout uncontrollably at
                  | your foes. [Xom's mischief]
 10087 | D:6      | Lost mutation: You are dopey. (Int -2) [Xom's mischief]
 10286 | D:8      | XOM: noise
 10889 | D:8      | Noticed Erica
 10966 | D:8      | Killed Erica
 10967 | D:8      | Reached skill level 10 in Maces & Flails
 10996 | D:8      | XOM: silly message
 11051 | D:8      | Was forgiven by Vehumet
 11718 | D:9      | XOM: silly message
 12051 | D:9      | Noticed Maurice
 12072 | D:9      | XOM: potion effect (curing)
 12095 | D:9      | Killed Maurice
 12095 | D:9      | XOM: divination: detect items
 12139 | D:9      | XOM: divination: detect items
 12348 | D:9      | Found a staircase to the Lair.
 12410 | D:9      | XOM: cloud trail
 12432 | D:9      | XOM: 3-stop teleportation journey
 12648 | D:9      | XOM: noise
 12924 | D:10     | Entered Level 10 of the Dungeon
 12930 | D:10     | Reached XP level 11. HP: 81/81 MP: 11/11
 13018 | D:10     | Noticed a two-headed ogre
 13023 | D:10     | XOM: enchant monster (bad)
 13038 | D:10     | XOM: noise
 13052 | D:10     | Killed a two-headed ogre
 13053 | D:10     | Reached skill level 1 in Stealth
 13053 | D:10     | Reached skill level 10 in Shields
 13171 | D:10     | Noticed a two-headed ogre
 13178 | D:10     | Killed a two-headed ogre
 13179 | D:10     | Reached skill level 11 in Maces & Flails
 13506 | D:10     | Found a staircase to the Orcish Mines.
 13628 | D:10     | Found a bloodstained altar of Trog.
 13633 | D:10     | XOM: potion effect (might)
 13678 | D:10     | XOM: polymorph moth of wrath -> manticore
 13791 | D:10     | Found a glowing golden altar of the Shining One.
 13802 | D:10     | XOM: scenery: create altars
 13892 | D:10     | XOM: give mutations
 13892 | D:10     | Gained mutation: You are partially covered in iridescent
                  | scales. (AC +2) [Xom's grace]
 13892 | D:10     | Gained mutation: You evolve. [Xom's grace]
 13892 | D:10     | Lost mutation: You are very clumsy. (Dex -4) [Xom's grace]
 13892 | D:10     | Gained mutation: You expend magic power (3 MP) to
                  | strengthen your wands. [Xom's grace]
 13929 | Orc:1    | Entered Level 1 of the Orcish Mines
 13988 | Orc:1    | You fall into a shaft and drop 1 floor!
 13988 | Orc:2    | Entered Level 2 of the Orcish Mines
 13988 | Orc:2    | Found a staircase to the Elven Halls.
 13990 | Orc:2    | Noticed an orc sorcerer
 13991 | Orc:2    | Noticed an orc warlord
 13991 | Orc:2    | Noticed an orc sorcerer
 14007 | Orc:2    | Noticed a glowing shapeshifter
 14007 | Orc:2    | an orc warrior changed into a glowing shapeshifter
 14007 | Orc:2    | XOM: polymorph orc warrior -> glowing shapeshifter
 14008 | Orc:2    | a glowing shapeshifter changed into a manticore
 14009 | Orc:2    | Noticed a death drake
 14009 | Orc:2    | a manticore changed into a death drake
 14010 | Orc:2    | XOM: divine lightning
 14013 | Orc:2    | a death drake changed into a black bear
 14346 | Orc:2    | XOM: summons 9 friendly demons
 14486 | Orc:2    | XOM: give mutations
 14486 | Orc:2    | Gained mutation: You have sharp toenails. [Xom's grace]
 14486 | Orc:2    | Gained mutation: Your mind is acute. (Int +2) [Xom's grace]
 14486 | Orc:2    | Gained mutation: Your tail ends in a poisonous barb. [Xom's
                  | grace]
 14726 | Orc:2    | Found Lupacs's Distillery.
 14727 | Orc:2    | Found Nutourid's Magic Scroll Emporium.
 14727 | Orc:2    | Noticed a soul eater
 14729 | Orc:2    | Noticed an orc knight
 14750 | Orc:2    | XOM: polymorph orc warrior -> worm
 14765 | Orc:1    | XOM: cast spell 'Summon Hydra'
 15074 | Orc:1    | XOM: 2-stop teleportation journey
 15187 | Orc:1    | XOM: blink monster(s)
 15370 | Orc:1    | Noticed an orc warlord
 15383 | Orc:1    | Demolished by an orc warrior

Illustrated notes

Levels and vault maps discovered:
D:1:      minmay_arrival_four_houses, layout_loops_ring,
          hellmonk_ecumenical_altar_crossroads
D:2:      layout_rooms, minmay_misc_feat_iff, minmay_goblin_kobold_house
D:3:      lemuel_castle_with_subvaults [lemuel_castle_interior_carwin_3],
          layout_rooms, lemuel_crystal_altar, dk_vineyard_3, glass_columns_c,
          kennysheep_generic_room_4
D:4:      layout_rooms, temple_green, lightli_sewer_entry_pipes, minmay_puff,
          uniq_pikel
D:5:      layout_basic, nicolae_dithmenos_the_darkroom, serial_undead,
          serial_undead_a, serial_undead_b, serial_undead_a, serial_undead_f
D:6:      layout_basic, amcnicky_altar_gilded, st_stairs_11
D:7:      layout_basic, general_overflow_altar, mrwooster_statue_mirror,
          uniq_harold
D:8:      layout_basic, serial_curves, eino_curves_03, eino_curves_04,
          special_room [special_room_orc], uniq_erica
D:9:      layout_cave_pods, lair_entry_dummy, kb_lookout_dungeons_type,
          uniq_maurice
D:10:     layout_cave_pools, nicolae_tso_carved_into_rock, tgw_trog,
          orc_0_dummy, minivault_24, minmay_starry_boxes
Temple:   regret_index_temple_sphere_string
Orc:1:    lemuel_ogre_cave, layout_caves
Orc:2:    pf_orc_diabolical, layout_caves, minmay_orc_keep

Skill      XL: |  1  2  3  4  5  6  7  8  9 10 11 |
---------------+----------------------------------+-----
Maces & Flails | 3 4 5 6 7 9 10 11 | 11.5
Shields        | 3 6 8 9 10 | 10.9
Armour         | 3 4 5 6 |  6.7
Dodging        | 1 2 |  2.6
Fighting       | 4 5 6 7 |  7.7
Throwing       | 1 |  1.3
Stealth        | 1 |  1.0

Action                   |  1- 3 |  4- 6 |  7- 9 | 10-12 || total
-------------------------+-------+-------+-------+-------++-------
Melee: Flail             |   116 |   159 |   466 |   412 ||  1153
       Tailslap          |    16 |    23 |    55 |    47 ||   141
       Kick              |       |       |       |    11 ||    11
Throw: Dart              |       |    19 |     1 |       ||    20
 Abil: Rolling Charge    |     1 |     1 |     2 |     4 ||     8
  Use: Scroll            |     4 |     1 |     9 |     2 ||    16
       Potion            |     5 |     5 |    12 |     6 ||    28
Armor: Scale mail        |    70 |    37 |       |    81 ||   188
       Skin              |       |    29 |       |       ||    29
       Plate armour      |       |    19 |   226 |       ||   245
Dodge: Dodged            |    30 |    38 |    60 |    39 ||   167
Block: Kite shield       |    76 |   104 |   316 |   322 ||   818
       Reflection        |       |       |       |    28 ||    28
